cohdb
Replays
Latest Replays
All Replays
Popular Replays
Top Player Replays
Match Explorer
How It Works
Community
CoH3 Stats
Reddit
Sign in to upload your games and track your stats! →
Sign in with Steam
Match 43062681
Unlisted
Match 43062681
Overview
Messages
Build Orders
End
Kradschützen Motorcycle Team
Panzergrenadier Squad
Selects Italian Infantry
250 Light Carrier
Construct Light Support Kompanie
Assault Grenadier Squad
Fire Support Elements
Combat Half-tracks
Veteran Squad Leaders
Flakvierling Half-track
Vehicle Survival Package
Selects Guastatori Squad
Pak 38 Mechanized Group
Kradschützen Motorcycle Team
Selects L6/40 Light Tank Combat Group
Guastatori Squad
Construct Panzerarmee Kommand
Selects Towed Cannone da 105/28 Field Howitzer
Selects Sound the Alarm
Panzer III L Medium Tank
2.5-tonne Medical Truck
Selects Prepared Positions
Panzer III L Medium Tank
Pak 38 Mechanized Group
Selects Obice 305mm Barrage
Grongolock
El padrino
0
0
Comments
sign in to comment!
No comments posted yet!